 Dungeon Crawl Stone Soup version 0.27.0-1-g7a089689b8 (webtiles) character file.

Game seed: 9413018967486829551

25034 Strat the Severer (level 12, -11/116 HPs)
             Began as a Deep Dwarf Gladiator on Aug 6, 2021.
             Was a Believer of Makhleb.
             Mangled by a catoblepas (27 damage)
             ... on level 4 of the Lair of Beasts.
             The game lasted 00:23:16 (9086 turns).

Strat the Severer (Deep Dwarf Gladiator)            Turns: 9086, Time: 00:23:17

Health: -11/116    AC: 16    Str: 22    XL:     12   Next: 85%
Magic:  0/0        EV: 12    Int: 10    God:    Makhleb [**....]
Gold:   708        SH:  0    Dex: 14    Spells: 11/11 levels left

rFire    . . .     SeeInvis .   b - +12 executioner's axe "Zuesiwu" {freeze, rPois}
rCold    . . .     Faith    .   (shield currently unavailable)
rNeg     . . .     Spirit   .   E - +0 swamp dragon scales
rPois    +         Reflect  .   c - +1 helmet
rElec    .         Harm     .   (no cloak)
rCorr    .         Rampage  .   (no gloves)
Will     ++...                  y - +2 pair of boots
Stlth    +.........             (no amulet)
HPRegen  0.00/turn              e - ring of flight
MPRegen  0.07/turn              f - ring of willpower

@: flying, studying Bows
A: damage resistance, heal wounds, sense surroundings 2, no regeneration
a: Heal Wounds, Renounce Religion, Minor Destruction


You were on level 4 of the Lair of Beasts.
You worshipped Makhleb.
Makhleb was pleased with you.
You visited 3 branches of the dungeon, and saw 15 of its levels.
You also visited: Bailey.

You collected 708 gold pieces.

Inventory:

Hand Weapons
 a - a +0 fustibalus
 b - the +12 executioner's axe "Zuesiwu" (weapon) {freeze, rPois}
   (You acquired it on level 7 of the Dungeon)

   It freezes those it strikes, dealing additional cold damage.
   It can also slow down cold-blooded creatures.
   rPois:     It protects you from poison.
 i - a +0 flail
Missiles
 d - 7 throwing nets
 g - 350 stones (quivered)
 k - 56 poisoned darts
 n - 49 sling bullets
Armour
 c - a +1 helmet (worn)
 y - a +2 pair of boots (worn)
 E - +0 swamp dragon scales (worn)
Jewellery
 e - a ring of flight (left hand)
 f - a ring of willpower (right hand)
 r - a ring of fire
 K - a ring of see invisible
Wands
 m - a wand of iceblast (20)
 q - a wand of digging (8)
 u - a wand of paralysis (11)
 L - a wand of flame (30)
Scrolls
 l - a scroll of amnesia
 o - a scroll of magic mapping
 G - 5 scrolls of identify
 H - 3 scrolls of teleportation
 J - 2 scrolls of enchant armour
Potions
 h - a potion of attraction
 j - 4 potions of haste
 p - 4 potions of ambrosia
 s - 5 potions of flight
 t - a potion of might
 v - a potion of brilliance
 x - 2 potions of cancellation
 A - a potion of invisibility
 I - a potion of mutation
 Q - a potion of lignification


   Skills:
 - Level 10.0 Fighting
 * Level 17.5 Axes
 - Level 1.7 Throwing
 - Level 10.0 Armour
 - Level 3.2 Dodging


You had 11 spell levels left.
You didn't know any spells.
Your spell library contained the following spells:

 Spells                   Type           Power      Damage    Failure   Level
 Foxfire                  Conj/Fire      0%         2x1d4     50%         1
 Freeze                   Ice            0%         1d3       50%         1
 Conjure Flame            Conj/Fire      0%         6-21      86%         3
 Frozen Ramparts          Ice            0%         1d2       86%         3
 Gell's Gravitas          Tloc           0%         N/A       86%         3
 Inner Flame              Hex/Fire       0%         N/A       86%         3
 Lesser Beckoning         Tloc           0%         N/A       86%         3
 Stone Arrow              Conj/Erth      0%         3d7       86%         3
 Teleport Other           Tloc           0%         N/A       86%         3
 Hailstorm                Conj/Ice       0%         3d3       99%         4
 Ice Form                 Ice/Tmut       0%         N/A       99%         4
 Summon Ice Beast         Ice/Summ       0%         N/A       99%         4
 Bolt of Magma            Conj/Fire/Erth 0%         4d4       100%        5
 Shatter                  Erth           0%         3d5*      100%        9


Dungeon Overview and Level Annotations

Branches:
Dungeon (10/15)            Temple (1/1) D:4            Lair (4/6) D:10
 Spider (0/4) Lair:3       Bailey (visited)
  Swamp: Lair:2-4    Shoals: Lair:2-4       Orc: D:9-12

Altars:
Ashenzari
Cheibriados
Dithmenos
Elyvilon
Fedhas
Gozag
Hepliaklqana
Kikubaaqudgha
Makhleb
Nemelex Xobeh
Okawaru
Qazlal
Ru
Sif Muna
Trog
Uskayaw
Vehumet
Wu Jian
Xom
Yredelemnul
Zin
The Shining One

Shops:
D:9 [(?   D:10 !

Annotations:
D:3 1 runed translucent door, Cheivey's ghost, weakling MiFi
D:4 1 runed translucent door, HypermagicGuardian's ghost, amateur MiMo
Lair:1 2 transporters
Lair:3 1 runed translucent door, Feulaj's ghost, journeyman MiBe


Innate Abilities, Weirdness & Mutations

You are resistant to damage.
You can heal yourself by infusing magical energy.
You passively map the area around you.
You do not regenerate.


Message History

The wyvern barely misses you.
You hit the wyvern. You freeze the wyvern.
The wyvern is moderately wounded.
You slash the plant!
The plant begins to die.
You freeze the plant.
The wyvern bites you but does no damage.
The wyvern bites you.
* * * LOW HITPOINT WARNING * * *
You slice the wyvern!! You freeze the wyvern.
You kill the wyvern!
Makhleb accepts your kill.
You slash the plant! You freeze the plant.
A nearby plant withers and dies.
g - 350 stones (gained 9)
You now have 691 gold pieces (gained 14).
A catoblepas comes into view.
The catoblepas bellows!
You see here 17 gold pieces.
You now have 708 gold pieces (gained 17).
A wolf comes into view.
The catoblepas rams the ground with its head heavily.
The catoblepas breathes a plume of calcifying dust at you.
The blast of calcifying dust hits you but does no damage.
The catoblepas breathes a plume of calcifying dust at you.
The blast of calcifying dust hits you but does no damage.
Found a pair of boots.
A bullfrog comes into view.
The bullfrog gives a loud, deep croak!
The bullfrog hits you.
* * * LOW HITPOINT WARNING * * *
You closely miss the bullfrog. You slice the fungus!!
The fungus begins to die.
You freeze the fungus!
The bullfrog hits you but does no damage.
You slice the bullfrog!! You freeze the bullfrog.
You kill the bullfrog!
Makhleb accepts your kill.
You feel better.
You slash the fungus! You freeze the fungus.
A nearby fungus withers and dies.
You barely miss the catoblepas. The catoblepas barely misses you.
The catoblepas gores you!!
You die...

#...#* ....* ###..###
#......####
P........## *
#.........#
#.........# * .
##.........# ,, .
#...@.....## *#....
##..Y......# ##....
#........## #.....
#.........######...#
##........##.#.#....#
#.......##......#....
####[................
#.####......Y......
## #..P...<.......


You could see a catoblepas.

Vanquished Creatures
  Harold (D:8)
  2 two-headed ogres
  Urug (D:10)
  Sonja (Lair:3)
  A deep elf pyromancer (D:8)
  3 cyclopes
  An ugly thing (D:8)
  3 black mambas
  6 cane toads
  Maggie (D:8)
  3 yaktaurs (D:10)
  5 komodo dragons
  3 tyrant leeches (D:10)
  4 jumping spiders (Lair:3)
  3 polar bears (Lair:3)
  A slime creature (D:8)
  5 blink frogs (Lair:3)
  2 vampires (D:10)
  4 redbacks (Lair:3)
  A shadow (D:9)
  A wraith (D:9)
  4 wyverns
  26 yaks
  A basilisk (Lair:3)
  2 steam dragons
  4 vampire mosquitoes
  4 water moccasins
  An acid dragon (D:9)
  3 orc warriors (D:8)
  3 sky beasts
  13 wolves
  An ogre (D:7)
  A necrophage (D:4)
  3 black bears
  6 centaurs
  6 bullfrogs
  A gnoll sergeant (D:6)
  2 scorpions
  A wyvern skeleton (D:6)
  A water moccasin skeleton (D:5)
  7 killer bees (D:8)
  10 wights
  4 centaur zombies
  A bullfrog zombie (D:5)
  2 hounds
  2 gnoll shamans
  4 orc priests
  A bullfrog skeleton (D:7)
  A centaur skeleton (D:7)
  5 orc wizards
  Natasha (D:3)
  3 iguanas
  A killer bee zombie (D:7)
  15 gnolls
  7 adders
  3 howler monkey skeletons
  3 white imps
  An ufetubus (D:5)
  2 worms (D:2)
  2 dart slugs (D:5)
  30 orcs
  5 ball pythons
  8 bats
  5 endoplasms
  2 giant cockroaches
  7 goblins
  5 hobgoblins
  A jackal (D:1)
  2 quokkas
  A frilled lizard (D:2)
  8 kobolds
  3 rats (D:2)
287 creatures vanquished.

Vanquished Creatures (others)
  11 fungi
  10 plants
  2 withered plants (D:4)
23 creatures vanquished.

Grand Total: 310 creatures vanquished

Notes
Turn   | Place    | Note
-------+----------+-------------------------------------------
     0 | D:1      | Strat the Deep Dwarf Gladiator began the quest for the Orb.
     0 | D:1      | Reached XP level 1. HP: 19/19 MP: 1/1
    74 | D:1      | Reached XP level 2. HP: 16/26 MP: 2/2
   116 | D:1      | You fall into a shaft and drop 1 floor!
   213 | D:2      | Reached skill level 1 in Armour
   310 | D:2      | Reached skill level 4 in Axes
   400 | D:2      | Reached XP level 3. HP: 26/32 MP: 3/3
   879 | D:3      | Found a runed translucent door.
   884 | D:3      | Noticed Cheivey's ghost (weakling MiFi)
  1062 | D:3      | Reached XP level 4. HP: 11/40 MP: 4/4
  1394 | D:3      | Noticed Natasha
  1413 | D:3      | Killed Natasha
  1447 | D:3      | Found a glowing silver altar of Zin.
  1771 | D:4      | Reached skill level 5 in Axes
  1817 | D:4      | Reached XP level 5. HP: 27/46 MP: 4/4
  1847 | D:4      | Found a staircase to the Ecumenical Temple.
  1888 | Temple   | Entered the Ecumenical Temple
  2011 | D:4      | Found a runed translucent door.
  2011 | D:4      | Noticed HypermagicGuardian's ghost (amateur MiMo)
  2041 | D:4      | Noticed a necrophage
  2048 | D:4      | Killed a necrophage
  2117 | D:5      | Entered Level 5 of the Dungeon
  2214 | D:5      | Noticed a black bear
  2233 | D:5      | Killed a black bear
  2234 | D:5      | Reached skill level 6 in Axes
  2234 | D:5      | Reached XP level 6. HP: 50/56 MP: 5/5
  2305 | D:5      | Reached XP level 7. HP: 48/64 MP: 5/5
  2385 | D:5      | Reached skill level 7 in Axes
  3090 | D:6      | Reached skill level 8 in Axes
  3148 | D:6      | Reached skill level 5 in Fighting
  3148 | D:6      | Reached XP level 8. HP: 74/74 MP: 6/6
  3325 | D:6      | Reached skill level 9 in Axes
  3834 | D:7      | Identified a scroll of acquirement
  3834 | D:7      | Acquired the +12 executioner's axe "Zuesiwu" {freeze,
                  | rPois}
  3855 | D:7      | Found a shadowy altar of Dithmenos.
  4014 | D:7      | Reached skill level 10 in Axes
  4297 | D:7      | Found an ornate altar of the Wu Jian Council.
  4430 | D:8      | Gained mutation: You passively map the area around you.
                  | [Deep Dwarf growth]
  4430 | D:8      | Reached XP level 9. HP: 25/82 MP: 7/7
  4519 | D:8      | Noticed Maggie
  4529 | D:8      | Killed Maggie
  4530 | D:8      | Reached skill level 11 in Axes
  4583 | D:8      | Noticed Harold
  4600 | D:8      | Killed Harold
  4645 | D:8      | Reached skill level 5 in Armour
  4650 | D:8      | Reached skill level 12 in Axes
  4664 | D:8      | Reached XP level 10. HP: 38/94 MP: 8/8
  4819 | D:8      | Noticed a two-headed ogre
  4843 | D:8      | Killed a two-headed ogre
  4875 | D:8      | Noticed a green ugly thing
  4875 | D:8      | Noticed a deep elf pyromancer
  4880 | D:8      | Killed a deep elf pyromancer
  4881 | D:8      | Noticed a cyclops
  4884 | D:8      | Killed a green ugly thing
  4888 | D:8      | Noticed a cyclops
  4890 | D:8      | Reached skill level 13 in Axes
  4897 | D:8      | Killed a cyclops
  4902 | D:8      | Killed a cyclops
  4976 | D:8      | Found a radiant altar of Vehumet.
  5265 | D:9      | Found a burning altar of Makhleb.
  5266 | D:9      | Found a sacrificial altar of Ru.
  5274 | D:9      | Became a worshipper of Makhleb the Destroyer
  5331 | D:9      | Found a flagged portal.
  5347 | Bailey   | Entered a bailey
  5347 | Bailey   | Noticed an orc knight
  5398 | D:9      | Found Ingyllit's Weapon Shop.
  5407 | D:9      | Reached XP level 11. HP: 82/104 MP: 9/9
  5436 | D:9      | Found Nib Duel's Magic Scroll Shoppe.
  5477 | D:9      | Found Juece's Antique Armour Boutique.
  5713 | D:9      | Reached skill level 14 in Axes
  5835 | D:9      | Found an opulent altar of Gozag.
  5866 | D:10     | Entered Level 10 of the Dungeon
  5870 | D:10     | Noticed a two-headed ogre
  5991 | D:10     | Noticed a two-headed ogre
  5998 | D:10     | Killed a two-headed ogre
  6034 | D:10     | Found Faijuleq's Distillery.
  6034 | D:10     | Noticed Urug
  6053 | D:10     | Killed Urug
  6215 | D:10     | Reached * piety under Makhleb
  6224 | D:10     | Found the +8 Vampire's Tooth {vamp}
  6268 | D:10     | Found a staircase to the Lair.
  6291 | Lair:1   | Entered Level 1 of the Lair of Beasts
  6328 | Lair:1   | Found a transporter.
  6386 | Lair:1   | Reached skill level 15 in Axes
  6426 | Lair:1   | Found a transporter.
  6606 | Lair:1   | Reached XP level 12. HP: 53/116 MP: 4/4
  7379 | Lair:2   | Reached skill level 10 in Fighting
  7379 | Lair:2   | Reached ** piety under Makhleb
  7792 | Lair:3   | Found a runed translucent door.
  7793 | Lair:3   | Noticed Feulaj's ghost (journeyman MiBe)
  7794 | Lair:3   | Identified the +5 trident "Somumpaw" {drain, Fly Str-4
                  | Dex-4 SInv}
  7830 | Lair:3   | Noticed a seven-headed hydra
  8023 | Lair:3   | Reached skill level 16 in Axes
  8093 | Lair:3   | Reached skill level 10 in Armour
  8129 | Lair:3   | Noticed Sonja
  8136 | Lair:3   | Killed Sonja
  8263 | Lair:3   | Found a hole to the Spider Nest.
  8485 | Lair:3   | Reached skill level 17 in Axes
  9042 | Lair:4   | Noticed a catoblepas
  9086 | Lair:4   | Mangled by a catoblepas

Illustrated notes

Levels and vault maps discovered:
D:1:      saegor_arrival_simple_c, layout_basic,
          chequers_ecumenical_altar_grove, skrybe_limestone_x, st_stairs_4,
          minmay_misc_feat_columns, minmay_pentomino_o2
D:2:      layout_loops_cross, minmay_circle_x
D:3:      layout_basic, zin_academy, ebering_ghost_reflecting_pool,
          palyth_stone_intersect, uniq_natasha
D:4:      layout_gridville, temple_doors_e, gammafunk_ghost_grave
D:5:      layout_loops_ring, corexii_shack
D:6:      cheibrodos_helix_gallery, layout_gridville, grunt_decor_clamped,
          kennysheep_nondescript
D:7:      layout_loops_corners, mainiacjoe_overflow_boulevard,
          mainiacjoe_overflow_catwalk, serial_glass, glass_columns_b,
          glass_columns_b, glass_columns_a, glass_columns_a, glass_columns_a,
          feat_on_display, minmay_strange_pillars, due_unseen_surprise,
          item_on_display_a
D:8:      minmay_the_grid_octo_triangle [minmay_the_grid_octo_focus,
          minmay_the_grid_octo_prize_big_c, minmay_the_grid_octo_fat_diamond],
          layout_loops_ring, vehumet_altar_wand_db, minmay_manual_mares,
          uniq_maggie, uniq_harold
D:9:      layout_loops_ring, minitemple, serial_shops, shop,
          kennysheep_little_box, kennysheep_mini_moat, enter_bailey_5,
          roderic_roman_lattice
D:10:     layout_cave_pods, lair_entry_dummy, serial_shops, shop,
          minmay_guarded_unrand_vampires_tooth, uniq_urug
Temple:   eino_wide_crystal_templ
Lair:1:   gammafunk_worm_tunnel, layout_regular_city
Lair:2:   layout_cave_pods
Lair:3:   layout_regular_city, nicolae_spider_entry_tight_spaces,
          ebering_ghost_funeral_grove, chequers_serial_rivers_large_b,
          lemuel_fruit_fields, uniq_sonja
Lair:4:   wad_woods_tower, layout_gridlike, skrybe_swamp_entry_bodies

Skill      XL: |  1  2  3  4  5  6  7  8  9 10 11 12 |
---------------+-------------------------------------+-----
Fighting       | 2 3 4 5 6 7 8 9 10 | 10.0
Armour         | 1 2 3 5 7 9 10 | 10.0
Axes           | 4 5 6 8 10 12 13 15 17 | 17.5
Throwing       | |  1.7
Dodging        | |  3.2

Action                   |  1- 3 |  4- 6 |  7- 9 | 10-12 || total
-------------------------+-------+-------+-------+-------++-------
Melee: War axe           |   127 |   120 |   183 |       ||   430
       Executioner's axe |       |       |    73 |   319 ||   392
 Fire: Hunting sling     |       |       |     5 |       ||     5
       Fustibalus        |       |       |       |     2 ||     2
Throw: Throwing net      |     1 |       |       |       ||     1
       Stone             |     5 |     3 |       |       ||     8
 Abil: Heal Wounds       |     2 |     5 |    14 |    33 ||    54
Evoke: Wand              |       |       |     1 |     1 ||     2
  Use: Scroll            |       |     8 |     8 |     8 ||    24
       Potion            |       |       |       |     3 ||     3
 Stab: Paralysed         |       |       |     2 |     1 ||     3
Armor: Leather armour    |    23 |       |       |       ||    23
       Ring mail         |    40 |     7 |       |       ||    47
       Scale mail        |       |    76 |   148 |       ||   224
       Swamp dragon scal |       |       |    12 |   203 ||   215
       Plate armour      |       |       |     6 |       ||     6
Dodge: Dodged            |   100 |    85 |   174 |   281 ||   640
